Rocket vs Reign
Created - June 29, 2022 at 07:12
Goals
|
| Rocket |
1 |
2 |
2 |
5 |
| Reign |
3 |
1 |
2 |
6 |
|
Shots
|
| Rocket |
19 |
7 |
16 |
42 |
| Reign |
16 |
5 |
9 |
30 |
|
1st period
1. Reign , Andreas Martinsen 31 (Brendan Gaunce 76) at 6:33
2. Reign , Vince Hinostroza 31 (Jack Roslovic 49, Brendan Guhle 21) at 12:17
3. Reign , Tyler Pitlick 31 (Andreas Martinsen 34, Brendan Gaunce 77) at 12:33
4. Rocket , Jiri Sekac 17 (Dominic Turgeon 19, Danton Heinen 52) at 17:38
Penalties :
Jack Roslovic (Ont) for Hooking (Minor) at 18:48
2nd period
5. Rocket , Dominic Turgeon 10 (Jiri Sekac 16, Andrey Pedan 20) at 1:06
6. Reign , Jack Roslovic 31 (Timo Meier 31) at 4:10
7. Rocket , Adam Fox 10 (Mattias Tedenby 61, Corey Trivino 67) at 14:14 (PP)
Penalties :
Jack Dougherty (Ont) for Slashing (Minor) at 1:11, Andrey Pedan (Lav) for High sticking (Minor) at 11:33, Thomas Chabot (Ont) for Hooking (Minor) at 14:11, Joel Eriksson Ek (Ont) for Roughing (Minor) at 18:30
3rd period
8. Reign , Jordan Schmaltz 7 (Nikita Tryamkin 28, Brendan Gaunce 78) at 4:23 (PP)
9. Reign , Jack Roslovic 32 (A.J. Jenks 21, Joel Eriksson Ek 25) at 6:04
10. Rocket , Corey Trivino 44 (Jack Glover 6, Adam Fox 41) at 10:37
11. Rocket , Corey Trivino 45 (Mattias Tedenby 62, Viktor Loov 34) at 11:19
Penalties :
Viktor Loov (Lav) for Tripping (Minor) at 4:10, Andrey Pedan (Lav) for Hooking (Minor) at 7:42, Adrian Kempe (Lav) for Roughing (Minor) at 11:41
Goalie Stats
Igor Shesterkin (Lav), 13 saves from 17 shots - (0.765), 24:10 minutes
Sami Aittokallio (Lav), 11 saves from 13 shots - (0.846), L, 19-9-4, 34:45 minutes
Ilya Samsonov (Ont), 37 saves from 42 shots - (0.881), W, 28-24-1, 60:00 minutes
Players Stats for Rocket
Player Name G A P +/- PIM S H SB GA TA FO MP PP MP PK MP
------------------------------------------------------------------------------------
Adam Fox 1 1 2 -1 0 4 0 0 0 1 0/0 17:06 3:25 0:07
Adrian Kempe 0 0 0 0 2 6 0 0 0 0 1/2 17:16 2:32 1:00
Andrei Mironov 0 0 0 1 0 3 1 1 3 0 0/0 20:13 2:35 2:46
Andrey Pedan 0 1 1 1 4 0 2 1 0 2 0/0 18:49 2:35 0:46
Brandon Pirri 0 0 0 -2 0 4 2 0 0 0 0/0 21:25 3:28 0:27
Corey Trivino 2 1 3 -2 0 6 2 0 0 0 18/33 22:25 3:28 1:27
Danton Heinen 0 1 1 0 0 2 1 1 0 0 1/2 15:47 2:32 0:00
Dean Kukan 0 0 0 -1 0 1 1 3 1 1 0/0 23:07 0:00 3:44
Dominic Turgeon 1 1 2 2 0 1 1 0 0 0 5/10 13:32 0:00 3:05
Jack Glover 0 1 1 0 0 0 0 0 0 0 0/0 12:14 0:00 1:53
Jiri Sekac 1 1 2 2 0 2 1 1 0 0 0/0 13:32 0:00 3:05
Kole Sherwood 0 0 0 2 0 0 2 0 0 0 1/1 9:53 0:00 0:00
Mason Appleton 0 0 0 -1 0 0 0 0 0 0 0/3 8:16 0:00 1:38
Mattias Tedenby 0 2 2 -2 0 6 2 0 2 1 0/1 20:58 3:28 0:00
Peter Holland 0 0 0 0 0 3 1 1 0 0 9/14 15:47 2:32 0:00
Sergey Tolchinsky 0 0 0 -1 0 0 1 0 1 0 0/0 5:52 0:00 0:00
Ty Rattie 0 0 0 -1 0 0 1 0 1 0 0/0 8:16 0:00 1:38
Viktor Loov 0 1 1 -2 2 4 0 1 0 3 0/0 29:18 3:25 3:04
Players Stats for Reign
Player Name G A P +/- PIM S H SB GA TA FO MP PP MP PK MP
------------------------------------------------------------------------------------
A.J. Jenks 0 1 1 -1 0 7 1 0 0 0 1/1 11:36 0:13 0:52
Andreas Martinsen 1 1 2 1 0 2 6 1 1 0 0/0 20:29 3:11 3:36
Brendan Gaunce 0 3 3 1 0 2 1 1 1 1 10/27 20:29 3:11 3:36
Brendan Guhle 0 1 1 1 0 1 0 0 0 1 0/0 11:32 0:00 0:00
Christian Dvorak 0 0 0 -2 0 1 1 0 0 0 0/2 10:54 0:13 0:00
Dylan Blujus 0 0 0 1 0 0 0 3 0 0 0/0 20:04 2:35 2:04
Jack Dougherty 0 0 0 1 2 0 1 1 2 1 0/0 11:31 0:00 0:00
Jack Roslovic 2 1 3 3 2 2 0 0 2 0 9/17 17:26 2:46 1:32
Jakob Chychrun 0 0 0 0 0 0 0 0 0 1 0/0 6:21 0:00 0:00
Joachim Blichfeld 0 0 0 0 0 0 0 0 0 0 0/0 0:00 0:00 0:00
Joel Eriksson Ek 0 1 1 -1 2 0 1 0 0 0 4/5 11:20 0:00 0:52
Jordan Schmaltz 1 0 1 -1 0 3 0 4 0 0 0/0 22:03 3:35 3:56
Josh Anderson 0 0 0 -2 0 0 1 1 1 0 0/1 10:54 0:13 0:00
Logan Stanley 0 0 0 0 0 0 0 1 0 0 0/0 6:21 0:00 0:00
Matthew Tkachuk 0 0 0 -1 0 1 2 0 1 1 0/0 10:18 0:00 0:00
Nikita Tryamkin 0 1 1 -1 0 1 0 5 0 0 0/0 22:03 3:35 3:56
Thomas Chabot 0 0 0 1 2 0 1 2 0 2 0/0 20:03 2:35 2:04
Timo Meier 0 1 1 3 0 3 0 0 0 0 2/2 17:27 2:46 1:32
Trevor Moore 0 0 0 -2 0 0 2 1 0 0 3/8 10:28 0:00 0:00
Tyler Pitlick 1 0 1 1 0 3 2 0 0 0 1/1 16:53 3:11 0:00
Vince Hinostroza 1 0 1 3 0 4 3 0 0 1 1/2 15:44 2:46 0:00
3 Stars
1 - Jack Roslovic (Ont)
2 - Andreas Martinsen (Ont)
3 - Vince Hinostroza (Ont)
Power Play
Rocket - 1 on 4 Attempt(s) - 25.00%
Reign - 1 on 4 Attempt(s) - 25.00%
Penalty Kill
Rocket - 3 on 4 Attempt(s) - 75.00%
- Score 0 goal in Penalty Kill
Reign - 3 on 4 Attempt(s) - 75.00%
- Score 0 goal in Penalty Kill
Team Stat
Rocket - Hits : 18 - Faceoff Wins : 35 - Blocked Shots : 9 - Penalty Minutes : 8
Reign - Hits : 22 - Faceoff Wins : 31 - Blocked Shots : 20 - Penalty Minutes : 8
Official
Referees : Jon McIsaac and TJ Luxmore
Linesman : Andrew Smith and David Brisebois
Game Notes
Sami Aittokallio enters game at 4:10 of 2nd period
Finance
Level 1 -- Attendance: 1953 (97.65%) -- Ticket Income $68,355
Level 2 -- Attendance: 897 (89.70%) -- Ticket Income $13,455
Total Attendance: 2850 (95.00%)
Total Ticket Income: $81,810
Other Income: $4,090
Total Income: $85,900
Rocket
5 vs 5 Forward
Center Left Wing Right Wing Time % Phy DF OF
1 Corey Trivino Brandon Pirri Mattias Tedenby 40 1 2 2
2 Peter Holland Adrian Kempe Danton Heinen 30 1 2 2
3 Dominic Turgeon Jiri Sekac Kole Sherwood 20 1 2 2
4 Mason Appleton Sergey Tolchinsky Ty Rattie 10 1 2 2
5 vs 5 Defense
Defense Defense Time % Phy DF OF
1 Viktor Loov Dean Kukan 40 1 2 2
2 Andrey Pedan Andrei Mironov 30 1 2 2
3 Jack Glover Adam Fox 20 1 2 2
4 Viktor Loov Adam Fox 10 1 2 2
PowerPlay Forward
Center Left Wing Right Wing Time % Phy DF OF
1 Corey Trivino Brandon Pirri Mattias Tedenby 60 0 1 4
2 Peter Holland Adrian Kempe Danton Heinen 40 0 1 4
PowerPlay Defense
Defense Defense Time % Phy DF OF
1 Viktor Loov Adam Fox 60 0 1 4
2 Andrey Pedan Andrei Mironov 40 0 1 4
Penalty Kill 4 Players Forward
Center Wing Time % Phy DF OF
1 Dominic Turgeon Jiri Sekac 60 0 4 1
2 Mason Appleton Ty Rattie 40 0 4 1
Penalty Kill 4 Players Defense
Defense Defense Time % Phy DF OF
1 Viktor Loov Dean Kukan 60 0 5 0
2 Andrey Pedan Andrei Mironov 40 0 5 0
Penalty Kill - 3 Players Forward
Forward Time % Phy DF OF
1 Dominic Turgeon 60 0 5 0
2 Corey Trivino 40 0 5 0
Penalty Kill - 3 Players Defense
Defense Defense Time % Phy DF OF
1 Andrei Mironov Andrey Pedan 60 0 5 0
2 Jack Glover Viktor Loov 40 0 5 0
4 vs 4 Forward
Center Wing Time % Phy DF OF
1 Mattias Tedenby Corey Trivino 60 0 2 3
2 Brandon Pirri Adrian Kempe 40 0 2 3
4 vs 4 Defense
Defense Defense Time % Phy DF OF
1 Viktor Loov Adam Fox 60 0 2 3
2 Andrey Pedan Jack Glover 40 0 2 3
Last Minutes Offensive
Center Left Wing Right Wing Defense Defense
Corey Trivino Brandon Pirri Mattias Tedenby Viktor Loov Adam Fox
Last Minutes Defensive
Center Left Wing Right Wing Defense Defense
Corey Trivino Brandon Pirri Mattias Tedenby Andrei Mironov Dean Kukan
Goaltenders
Starting : Igor Shesterkin
Backup : Sami Aittokallio
Extra Forwards
Normal : Danton Heinen, Adrian Kempe, Mattias Tedenby - PP : Mattias Tedenby, Danton Heinen - PK : Dominic Turgeon
Extra Defensemen
Normal : Viktor Loov, Adam Fox, Andrey Pedan - PP : Adam Fox - PK : Jack Glover, Andrey Pedan
Penalty Shots
Mattias Tedenby, Corey Trivino, Brandon Pirri, Adrian Kempe, Danton Heinen
Scratches
Branden Troock (Healthy), Daniel Sprong (Healthy), Dylan DeMelo (Healthy), Guillaume Brisebois (Healthy), Jakub Vrana (Right Eye Injury)
Luca Sbisa (Healthy), Ryan Collins (Healthy), Tyler Lewington (Healthy), Karson Kuhlman (Healthy), Luke Kunin (Healthy)
Mikhail Maltsev (Healthy)
Reign
5 vs 5 Forward
Center Left Wing Right Wing Time % Phy DF OF
1 Brendan Gaunce Andreas Martinsen Tyler Pitlick 30 1 2 2
2 Jack Roslovic Timo Meier Vince Hinostroza 30 1 2 2
3 Joel Eriksson Ek A.J. Jenks Matthew Tkachuk 20 1 2 2
4 Trevor Moore Christian Dvorak Josh Anderson 20 1 2 2
5 vs 5 Defense
Defense Defense Time % Phy DF OF
1 Jordan Schmaltz Nikita Tryamkin 30 1 3 1
2 Dylan Blujus Thomas Chabot 30 1 2 2
3 Brendan Guhle Jack Dougherty 25 1 2 2
4 Jakob Chychrun Logan Stanley 15 1 2 2
PowerPlay Forward
Center Left Wing Right Wing Time % Phy DF OF
1 Brendan Gaunce Andreas Martinsen Tyler Pitlick 60 1 2 2
2 Jack Roslovic Timo Meier Vince Hinostroza 40 1 2 2
PowerPlay Defense
Defense Defense Time % Phy DF OF
1 Jordan Schmaltz Nikita Tryamkin 60 1 2 2
2 Dylan Blujus Thomas Chabot 40 1 2 2
Penalty Kill 4 Players Forward
Center Wing Time % Phy DF OF
1 Brendan Gaunce Andreas Martinsen 60 1 2 2
2 Jack Roslovic Timo Meier 40 1 2 2
Penalty Kill 4 Players Defense
Defense Defense Time % Phy DF OF
1 Jordan Schmaltz Nikita Tryamkin 60 1 2 2
2 Dylan Blujus Thomas Chabot 40 1 2 2
Penalty Kill - 3 Players Forward
Forward Time % Phy DF OF
1 Brendan Gaunce 60 2 3 0
2 Jack Roslovic 40 2 3 0
Penalty Kill - 3 Players Defense
Defense Defense Time % Phy DF OF
1 Jordan Schmaltz Nikita Tryamkin 60 3 2 0
2 Dylan Blujus Thomas Chabot 40 3 2 0
4 vs 4 Forward
Center Wing Time % Phy DF OF
1 Brendan Gaunce Andreas Martinsen 60 1 2 2
2 Jack Roslovic Timo Meier 40 1 2 2
4 vs 4 Defense
Defense Defense Time % Phy DF OF
1 Jordan Schmaltz Nikita Tryamkin 60 1 2 2
2 Dylan Blujus Thomas Chabot 40 1 2 2
Last Minutes Offensive
Center Left Wing Right Wing Defense Defense
Brendan Gaunce Andreas Martinsen Tyler Pitlick Jordan Schmaltz Nikita Tryamkin
Last Minutes Defensive
Center Left Wing Right Wing Defense Defense
Brendan Gaunce Andreas Martinsen Tyler Pitlick Jordan Schmaltz Nikita Tryamkin
Goaltenders
Starting : Ilya Samsonov
Backup : Jordan Binnington
Extra Forwards
Normal : Brendan Gaunce, A.J. Jenks, Jack Roslovic - PP : Brendan Gaunce, A.J. Jenks - PK : Brendan Gaunce
Extra Defensemen
Normal : Jack Dougherty, Jakob Chychrun, Logan Stanley - PP : Jack Dougherty - PK : Jack Dougherty, Jakob Chychrun
Penalty Shots
Andreas Martinsen, Tyler Pitlick, Timo Meier, Vince Hinostroza, Brendan Gaunce
Scratches
Adam Ollas-Mattsson (Healthy), Blake Lizotte (Healthy), Bokondji Imama (Healthy), Jacob Josefson (Healthy), Joel Vermin (Healthy)
Nikita Gusev (Healthy), Shane Prince (Healthy), Blake Hillman (Healthy), Michael Pezzetta (Healthy), Austin Czarnik (Healthy)
Cal Petersen (Healthy)
% Time on Ice - Rocket
Lines # - Real PCT - Wanted PCT - Time Play
Normal Forward
1 - 36% - 40% - 17:03
2 - 30% - 30% - 14:01
3 - 21% - 20% - 9:53
4 - 13% - 10% - 5:52
Normal Defense
1 - 43% - 40% - 20:06
2 - 31% - 30% - 14:34
3 - 21% - 20% - 9:38
4 - 5% - 10% - 2:31
PP Forward
1 - 58% - 60% - 3:28
2 - 42% - 40% - 2:32
PP Defense
1 - 57% - 60% - 3:25
2 - 43% - 40% - 2:35
PK Forward
1 - 74% - 60% - 4:32
2 - 26% - 40% - 1:38
PK Defense
1 - 55% - 60% - 3:24
2 - 45% - 40% - 2:46
PK3 Forward
1 - 0% - 60%
2 - 0% - 40%
PK3 Defense
1 - 0% - 60%
2 - 0% - 40%
44 Forward
1 - 0% - 60%
2 - 0% - 40%
44 Defense
1 - 0% - 60%
2 - 0% - 40%
Last Minute Offensive - 1:01
Last Minute Defensive - 0:00
Total
Forward - 60:00
Defense - 60:00
|
% Time on Ice - Reign
Lines # - Real PCT - Wanted PCT - Time Play
Normal Forward
1 - 28% - 30% - 12:55
2 - 28% - 30% - 13:09
3 - 22% - 20% - 10:18
4 - 22% - 20% - 10:28
Normal Defense
1 - 31% - 30% - 14:32
2 - 31% - 30% - 14:25
3 - 25% - 25% - 11:32
4 - 14% - 15% - 6:21
PP Forward
1 - 55% - 60% - 3:24
2 - 45% - 40% - 2:46
PP Defense
1 - 58% - 60% - 3:35
2 - 42% - 40% - 2:35
PK Forward
1 - 74% - 60% - 4:28
2 - 26% - 40% - 1:32
PK Defense
1 - 66% - 60% - 3:56
2 - 34% - 40% - 2:04
PK3 Forward
1 - 0% - 60%
2 - 0% - 40%
PK3 Defense
1 - 0% - 60%
2 - 0% - 40%
44 Forward
1 - 0% - 60%
2 - 0% - 40%
44 Defense
1 - 0% - 60%
2 - 0% - 40%
Last Minute Offensive - 0:00
Last Minute Defensive - 1:00
Total
Forward - 60:00
Defense - 60:00
|
Play-by-Play
1st period
0:01 of 1st period - Brendan Gaunce wins face-off versus Corey Trivino in neutral zone.
0:14 of 1st period - Nikita Tryamkin is hit by Corey Trivino.
0:58 of 1st period - Backhand shot by A.J. Jenks.
0:58 of 1st period - Stopped by Igor Shesterkin with a rebound.
3:13 of 1st period - Snap shot by Danton Heinen.
3:13 of 1st period - Shot Hit the Post.
3:15 of 1st period - Slapshot by Andrei Mironov.
3:15 of 1st period - Deflect By Thomas Chabot.
3:15 of 1st period - Stopped by Ilya Samsonov with a rebound.
3:17 of 1st period - Snap shot by Andrey Pedan.
3:17 of 1st period - Shot Misses the Net.
3:19 of 1st period - Snap shot by Peter Holland.
3:19 of 1st period - Deflect By Adrian Kempe.
3:19 of 1st period - Shot Misses the Net.
3:19 of 1st period - Puck is out of play.
3:20 of 1st period - Peter Holland wins face-off versus Christian Dvorak in Reign zone.
3:21 of 1st period - Snap shot by Adrian Kempe.
3:21 of 1st period - Stopped by Ilya Samsonov with a rebound.
3:25 of 1st period - Slapshot by Danton Heinen.
3:25 of 1st period - Shot Misses the Net.
3:27 of 1st period - Slapshot by Jack Glover.
3:27 of 1st period - Shot Blocked by Nikita Tryamkin.
3:29 of 1st period - Snap shot by Danton Heinen.
3:29 of 1st period - Shot Blocked by Nikita Tryamkin.
3:35 of 1st period - Snap shot by Adrian Kempe.
3:35 of 1st period - Shot Blocked by Jordan Schmaltz.
3:45 of 1st period - Brandon Pirri is hit by Andreas Martinsen and loses puck.
3:50 of 1st period - Snap shot by Tyler Pitlick.
3:50 of 1st period - Stopped by Igor Shesterkin without a rebound.
3:51 of 1st period - Corey Trivino wins face-off versus Jack Roslovic in Rocket zone.
3:51 of 1st period - Corey Trivino is hit by Vince Hinostroza.
5:26 of 1st period - Snap shot by Ty Rattie.
5:26 of 1st period - Shot Misses the Net.
5:37 of 1st period - Off-side.
5:38 of 1st period - Joel Eriksson Ek wins face-off versus Dominic Turgeon in neutral zone.
6:03 of 1st period - Jack Dougherty is hit by Brandon Pirri and loses puck.
6:21 of 1st period - Off-side.
6:22 of 1st period - Jack Roslovic wins face-off versus Peter Holland in neutral zone.
6:31 of 1st period - Wrist shot by Timo Meier.
6:31 of 1st period - Stopped by Igor Shesterkin without a rebound.
6:32 of 1st period - Brendan Gaunce wins face-off versus Corey Trivino in Rocket zone.
6:33 of 1st period - Wrist shot by Andreas Martinsen.
6:33 of 1st period - Goal by Andreas Martinsen - Rocket : 0 - Reign : 1.
6:34 of 1st period - Jack Roslovic wins face-off versus Corey Trivino in neutral zone.
6:59 of 1st period - Corey Trivino is hit by Trevor Moore and loses puck.
7:32 of 1st period - Snap shot by Brandon Pirri.
7:32 of 1st period - Stopped by Ilya Samsonov with a rebound.
7:34 of 1st period - Slapshot by Dean Kukan.
7:34 of 1st period - Stopped by Ilya Samsonov without a rebound.
7:35 of 1st period - Peter Holland wins face-off versus Brendan Gaunce in Reign zone.
8:00 of 1st period - Matthew Tkachuk is hit by Dominic Turgeon and loses puck.
8:14 of 1st period - Off-side.
8:15 of 1st period - Jack Roslovic wins face-off versus Mason Appleton in neutral zone.
8:26 of 1st period - Snap shot by Mason Appleton.
8:26 of 1st period - Shot Blocked by Logan Stanley.
8:28 of 1st period - Wrist shot by Dean Kukan.
8:28 of 1st period - Shot Misses the Net.
8:30 of 1st period - Wrist shot by Viktor Loov.
8:30 of 1st period - Stopped by Ilya Samsonov with a rebound.
9:05 of 1st period - Wrist shot by Matthew Tkachuk.
9:05 of 1st period - Stopped by Igor Shesterkin with a rebound.
9:07 of 1st period - Wrist shot by A.J. Jenks.
9:07 of 1st period - Stopped by Igor Shesterkin with a rebound.
9:09 of 1st period - Wrist shot by A.J. Jenks.
9:09 of 1st period - Stopped by Igor Shesterkin with a rebound.
9:27 of 1st period - Wrist shot by Mattias Tedenby.
9:27 of 1st period - Stopped by Ilya Samsonov without a rebound.
9:28 of 1st period - Peter Holland wins face-off versus Brendan Gaunce in Reign zone.
9:31 of 1st period - Snap shot by Adrian Kempe.
9:31 of 1st period - Shot Misses the Net.
9:35 of 1st period - Slapshot by Peter Holland.
9:35 of 1st period - Shot Misses the Net.
9:37 of 1st period - Slapshot by Viktor Loov.
9:37 of 1st period - Stopped by Ilya Samsonov with a rebound.
9:39 of 1st period - Slapshot by Adrian Kempe.
9:39 of 1st period - Shot Blocked by Jordan Schmaltz.
9:41 of 1st period - Snap shot by Danton Heinen.
9:41 of 1st period - Shot Blocked by Jordan Schmaltz.
9:43 of 1st period - Slapshot by Viktor Loov.
9:43 of 1st period - Shot Misses the Net.
10:04 of 1st period - Slapshot by Timo Meier.
10:04 of 1st period - Stopped by Igor Shesterkin with a rebound.
10:28 of 1st period - Dean Kukan is hit by Jack Dougherty and loses puck.
10:45 of 1st period - Backhand shot by Danton Heinen.
10:45 of 1st period - Stopped by Ilya Samsonov without a rebound.
10:46 of 1st period - Brendan Gaunce wins face-off versus Peter Holland in Reign zone.
11:38 of 1st period - Wrist shot by A.J. Jenks.
11:38 of 1st period - Stopped by Igor Shesterkin with a rebound.
11:40 of 1st period - Snap shot by Joel Eriksson Ek.
11:40 of 1st period - Deflect By A.J. Jenks.
11:40 of 1st period - Stopped by Igor Shesterkin without a rebound.
11:41 of 1st period - Danton Heinen wins face-off versus Jack Roslovic in Rocket zone.
12:17 of 1st period - Snap shot by Vince Hinostroza.
12:17 of 1st period - Goal by Vince Hinostroza - Rocket : 0 - Reign : 2.
12:18 of 1st period - Brendan Gaunce wins face-off versus Corey Trivino in neutral zone.
12:21 of 1st period - Wrist shot by Tyler Pitlick.
12:21 of 1st period - Shot Misses the Net.
12:25 of 1st period - Snap shot by Brendan Gaunce.
12:25 of 1st period - Shot Blocked by Dean Kukan.
12:27 of 1st period - Slapshot by Tyler Pitlick.
12:27 of 1st period - Stopped by Igor Shesterkin without a rebound.
12:28 of 1st period - Brendan Gaunce wins face-off versus Corey Trivino in Rocket zone.
12:31 of 1st period - Wrist shot by Andreas Martinsen.
12:31 of 1st period - Shot Misses the Net.
12:33 of 1st period - Slapshot by Tyler Pitlick.
12:33 of 1st period - Goal by Tyler Pitlick - Rocket : 0 - Reign : 3.
12:34 of 1st period - Brendan Gaunce wins face-off versus Corey Trivino in neutral zone.
13:22 of 1st period - Slapshot by Brendan Gaunce.
13:22 of 1st period - Stopped by Igor Shesterkin without a rebound.
13:23 of 1st period - Corey Trivino wins face-off versus Christian Dvorak in Rocket zone.
13:23 of 1st period - Corey Trivino is hit by Christian Dvorak.
13:57 of 1st period - Snap shot by Timo Meier.
13:57 of 1st period - Stopped by Igor Shesterkin with a rebound.
13:59 of 1st period - Slapshot by Vince Hinostroza.
13:59 of 1st period - Deflect By Timo Meier.
13:59 of 1st period - Shot Blocked by Peter Holland.
13:59 of 1st period - Puck is out of play.
14:00 of 1st period - Peter Holland wins face-off versus Joel Eriksson Ek in Rocket zone.
14:00 of 1st period - Peter Holland is hit by Joel Eriksson Ek.
14:12 of 1st period - Snap shot by Danton Heinen.
14:12 of 1st period - Stopped by Ilya Samsonov without a rebound.
14:13 of 1st period - Jack Roslovic wins face-off versus Mattias Tedenby in Reign zone.
14:17 of 1st period - Off-side.
14:18 of 1st period - Corey Trivino wins face-off versus Jack Roslovic in neutral zone.
15:12 of 1st period - Brandon Pirri is hit by Andreas Martinsen and loses puck.
15:19 of 1st period - Snap shot by Andreas Martinsen.
15:19 of 1st period - Stopped by Igor Shesterkin without a rebound.
15:20 of 1st period - Peter Holland wins face-off versus Trevor Moore in Rocket zone.
15:25 of 1st period - Wrist shot by Peter Holland.
15:25 of 1st period - Shot Misses the Net.
15:27 of 1st period - Snap shot by Adrian Kempe.
15:27 of 1st period - Stopped by Ilya Samsonov with a rebound.
15:29 of 1st period - Slapshot by Andrei Mironov.
15:29 of 1st period - Stopped by Ilya Samsonov without a rebound.
15:30 of 1st period - Trevor Moore wins face-off versus Peter Holland in Reign zone.
15:42 of 1st period - Slapshot by Danton Heinen.
15:42 of 1st period - Shot Misses the Net.
15:44 of 1st period - Slapshot by Andrei Mironov.
15:44 of 1st period - Deflect By Peter Holland.
15:44 of 1st period - Stopped by Ilya Samsonov without a rebound.
15:45 of 1st period - Vince Hinostroza wins face-off versus Dominic Turgeon in Reign zone.
15:52 of 1st period - Wrist shot by Jiri Sekac.
15:52 of 1st period - Stopped by Ilya Samsonov with a rebound.
16:47 of 1st period - Wrist shot by Brandon Pirri.
16:47 of 1st period - Stopped by Ilya Samsonov without a rebound.
16:48 of 1st period - Jack Roslovic wins face-off versus Mason Appleton in Reign zone.
16:48 of 1st period - Jack Roslovic is hit by Sergey Tolchinsky.
16:59 of 1st period - Snap shot by Jack Roslovic.
16:59 of 1st period - Shot Misses the Net.
17:01 of 1st period - Snap shot by Timo Meier.
17:01 of 1st period - Shot Misses the Net.
17:13 of 1st period - Jordan Schmaltz is hit by Mattias Tedenby and loses puck.
17:34 of 1st period - Snap shot by Jiri Sekac.
17:34 of 1st period - Shot Blocked by Jordan Schmaltz.
17:36 of 1st period - Snap shot by Dominic Turgeon.
17:36 of 1st period - Shot Misses the Net.
17:38 of 1st period - Wrist shot by Jiri Sekac.
17:38 of 1st period - Goal by Jiri Sekac - Rocket : 1 - Reign : 3.
17:39 of 1st period - Peter Holland wins face-off versus Brendan Gaunce in neutral zone.
17:44 of 1st period - Wrist shot by Danton Heinen.
17:44 of 1st period - Shot Blocked by Dylan Blujus.
17:46 of 1st period - Wrist shot by Adrian Kempe.
17:46 of 1st period - Stopped by Ilya Samsonov with a rebound.
17:48 of 1st period - Snap shot by Adrian Kempe.
17:48 of 1st period - Deflect By Peter Holland.
17:48 of 1st period - Shot Blocked by Thomas Chabot.
17:48 of 1st period - Puck is out of play.
17:49 of 1st period - Peter Holland wins face-off versus Brendan Gaunce in Reign zone.
17:57 of 1st period - Wrist shot by Peter Holland.
17:57 of 1st period - Shot Blocked by Dylan Blujus.
18:03 of 1st period - Wrist shot by Adrian Kempe.
18:03 of 1st period - Shot Misses the Net.
18:07 of 1st period - Snap shot by Danton Heinen.
18:07 of 1st period - Shot Misses the Net.
18:09 of 1st period - Slapshot by Adrian Kempe.
18:09 of 1st period - Shot Misses the Net.
18:35 of 1st period - Wrist shot by Peter Holland.
18:35 of 1st period - Stopped by Ilya Samsonov with a rebound.
18:37 of 1st period - Snap shot by Peter Holland.
18:37 of 1st period - Shot Misses the Net.
18:39 of 1st period - Slapshot by Viktor Loov.
18:39 of 1st period - Shot Blocked by Brendan Gaunce.
18:41 of 1st period - Snap shot by Adrian Kempe.
18:41 of 1st period - Shot Misses the Net.
18:43 of 1st period - Slapshot by Viktor Loov.
18:43 of 1st period - Stopped by Ilya Samsonov with a rebound.
18:45 of 1st period - Slapshot by Viktor Loov.
18:45 of 1st period - Stopped by Ilya Samsonov without a rebound.
18:46 of 1st period - Jack Roslovic wins face-off versus Corey Trivino in Reign zone.
18:48 of 1st period - Minor Penalty to Jack Roslovic for Hooking.
18:49 of 1st period - Corey Trivino wins face-off versus Brendan Gaunce in Reign zone.
19:43 of 1st period - Thomas Chabot is hit by Brandon Pirri and loses puck.
Goals for this period are 1 for Rocket vs 3 for Reign.
Shots for this period are 19 for Rocket vs 16 for Reign.
2nd period
0:01 of 2nd period - Brendan Gaunce wins face-off versus Corey Trivino in neutral zone.
0:28 of 2nd period - Slapshot by Peter Holland.
0:28 of 2nd period - Stopped by Ilya Samsonov with a rebound.
0:48 of 2nd period - Penalty to Jack Roslovic is over, Jack Roslovic is back on ice.
1:06 of 2nd period - Wrist shot by Dominic Turgeon.
1:06 of 2nd period - Goal by Dominic Turgeon - Rocket : 2 - Reign : 3.
1:07 of 2nd period - Corey Trivino wins face-off versus Vince Hinostroza in neutral zone.
1:11 of 2nd period - Minor Penalty to Jack Dougherty for Slashing.
1:12 of 2nd period - Corey Trivino wins face-off versus Brendan Gaunce in Reign zone.
1:16 of 2nd period - Snap shot by Mattias Tedenby.
1:16 of 2nd period - Deflect By Corey Trivino.
1:16 of 2nd period - Shot Blocked by Nikita Tryamkin.
1:16 of 2nd period - Puck is out of play.
1:17 of 2nd period - Corey Trivino wins face-off versus Brendan Gaunce in Reign zone.
3:11 of 2nd period - Penalty to Jack Dougherty is over, Jack Dougherty is back on ice.
3:19 of 2nd period - Snap shot by Jiri Sekac.
3:19 of 2nd period - Deflect By Kole Sherwood.
3:19 of 2nd period - Shot Blocked by Josh Anderson.
3:19 of 2nd period - Puck is out of play.
3:20 of 2nd period - Dominic Turgeon wins face-off versus Trevor Moore in Reign zone.
3:45 of 2nd period - Sergey Tolchinsky is hit by Matthew Tkachuk and loses puck.
4:10 of 2nd period - Snap shot by Jack Roslovic.
4:10 of 2nd period - Goal by Jack Roslovic - Rocket : 2 - Reign : 4.
4:10 of 2nd period - Sami Aittokallio enters game.
4:11 of 2nd period - Jack Roslovic wins face-off versus Corey Trivino in neutral zone.
4:24 of 2nd period - Wrist shot by Vince Hinostroza.
4:24 of 2nd period - Shot Misses the Net.
4:26 of 2nd period - Wrist shot by Nikita Tryamkin.
4:26 of 2nd period - Deflect By Brandon Pirri.
4:26 of 2nd period - Stopped by Sami Aittokallio without a rebound.
4:27 of 2nd period - Joel Eriksson Ek wins face-off versus Peter Holland in Rocket zone.
4:30 of 2nd period - Slapshot by Jordan Schmaltz.
4:30 of 2nd period - Stopped by Sami Aittokallio with a rebound.
4:32 of 2nd period - Wrist shot by Joel Eriksson Ek.
4:32 of 2nd period - Shot Misses the Net.
4:34 of 2nd period - Slapshot by Jordan Schmaltz.
4:34 of 2nd period - Stopped by Sami Aittokallio with a rebound.
4:36 of 2nd period - Wrist shot by Matthew Tkachuk.
4:36 of 2nd period - Shot Misses the Net.
5:18 of 2nd period - Vince Hinostroza is hit by Peter Holland and loses puck.
5:39 of 2nd period - Slapshot by Brandon Pirri.
5:39 of 2nd period - Stopped by Ilya Samsonov with a rebound.
6:29 of 2nd period - Adam Fox is hit by Andreas Martinsen and loses puck.
6:49 of 2nd period - Jack Roslovic is hit by Corey Trivino and loses puck.
7:01 of 2nd period - Vince Hinostroza is hit by Andrey Pedan and loses puck.
7:23 of 2nd period - Off-side.
7:24 of 2nd period - Kole Sherwood wins face-off versus Brendan Gaunce in neutral zone.
7:50 of 2nd period - Danton Heinen is hit by Matthew Tkachuk and loses puck.
7:55 of 2nd period - Slapshot by Thomas Chabot.
7:55 of 2nd period - Deflect By A.J. Jenks.
7:55 of 2nd period - Stopped by Sami Aittokallio without a rebound.
7:56 of 2nd period - Joel Eriksson Ek wins face-off versus Danton Heinen in Rocket zone.
8:28 of 2nd period - Vince Hinostroza is hit by Andrey Pedan and loses puck.
8:50 of 2nd period - Slapshot by Thomas Chabot.
8:50 of 2nd period - Shot Misses the Net.
8:56 of 2nd period - Tyler Pitlick is hit by Kole Sherwood and loses puck.
9:09 of 2nd period - Sergey Tolchinsky is hit by Trevor Moore and loses puck.
9:52 of 2nd period - Backhand shot by Matthew Tkachuk.
9:52 of 2nd period - Shot Blocked by Danton Heinen.
10:10 of 2nd period - Andreas Martinsen is hit by Mattias Tedenby and loses puck.
11:33 of 2nd period - Minor Penalty to Andrey Pedan for High sticking.
11:34 of 2nd period - Tyler Pitlick wins face-off versus Dominic Turgeon in Rocket zone.
12:09 of 2nd period - Dean Kukan is hit by Vince Hinostroza and loses puck.
13:25 of 2nd period - Icing by Nikita Tryamkin.
13:26 of 2nd period - A.J. Jenks wins face-off versus Mason Appleton in Reign zone.
13:31 of 2nd period - Dean Kukan is hit by A.J. Jenks.
13:33 of 2nd period - Penalty to Andrey Pedan is over, Andrey Pedan is back on ice.
13:35 of 2nd period - Viktor Loov is hit by Josh Anderson and loses puck.
13:58 of 2nd period - Snap shot by Brandon Pirri.
13:58 of 2nd period - Shot Blocked by Jack Dougherty.
14:00 of 2nd period - Snap shot by Mattias Tedenby.
14:00 of 2nd period - Deflect By Corey Trivino.
14:00 of 2nd period - Deflect By Brendan Guhle.
14:00 of 2nd period - Shot Misses the Net.
14:00 of 2nd period - Puck is out of play.
14:01 of 2nd period - Jack Roslovic wins face-off versus Corey Trivino in Reign zone.
14:11 of 2nd period - Minor Penalty to Thomas Chabot for Hooking.
14:12 of 2nd period - Corey Trivino wins face-off versus Brendan Gaunce in Reign zone.
14:12 of 2nd period - Slapshot by Mattias Tedenby.
14:12 of 2nd period - Stopped by Ilya Samsonov with a rebound.
14:14 of 2nd period - Slapshot by Adam Fox.
14:14 of 2nd period - Goal by Adam Fox - Rocket : 3 - Reign : 4.
14:15 of 2nd period - Timo Meier wins face-off versus Corey Trivino in neutral zone.
14:30 of 2nd period - Snap shot by Jack Roslovic.
14:30 of 2nd period - Deflect By Timo Meier.
14:30 of 2nd period - Shot Misses the Net.
14:30 of 2nd period - Puck is out of play.
14:31 of 2nd period - Brendan Gaunce wins face-off versus Adrian Kempe in Rocket zone.
14:32 of 2nd period - Slapshot by Andreas Martinsen.
14:32 of 2nd period - Shot Blocked by Viktor Loov.
14:40 of 2nd period - Dean Kukan is hit by Andreas Martinsen and loses puck.
15:27 of 2nd period - Snap shot by Brandon Pirri.
15:27 of 2nd period - Stopped by Ilya Samsonov with a rebound.
15:29 of 2nd period - Backhand shot by Mattias Tedenby.
15:29 of 2nd period - Shot Blocked by Nikita Tryamkin.
15:45 of 2nd period - Snap shot by Adrian Kempe.
15:45 of 2nd period - Stopped by Ilya Samsonov with a rebound.
16:16 of 2nd period - Snap shot by Andrei Mironov.
16:16 of 2nd period - Shot Misses the Net.
17:35 of 2nd period - Thomas Chabot is hit by Ty Rattie and loses puck.
18:30 of 2nd period - Minor Penalty to Joel Eriksson Ek for Roughing.
18:31 of 2nd period - Corey Trivino wins face-off versus Brendan Gaunce in Reign zone.
19:34 of 2nd period - Thomas Chabot is hit by Danton Heinen.
Goals for this period are 2 for Rocket vs 1 for Reign.
Shots for this period are 7 for Rocket vs 5 for Reign.
3rd period
0:01 of 3rd period - Corey Trivino wins face-off versus Brendan Gaunce in neutral zone.
0:16 of 3rd period - Slapshot by Adam Fox.
0:16 of 3rd period - Stopped by Ilya Samsonov with a rebound.
0:30 of 3rd period - Penalty to Joel Eriksson Ek is over, Joel Eriksson Ek is back on ice.
0:52 of 3rd period - Wrist shot by Trevor Moore.
0:52 of 3rd period - Shot Misses the Net.
1:26 of 3rd period - Sergey Tolchinsky is hit by Vince Hinostroza.
1:36 of 3rd period - Backhand shot by Vince Hinostroza.
1:36 of 3rd period - Stopped by Sami Aittokallio with a rebound.
3:37 of 3rd period - Wrist shot by Mattias Tedenby.
3:37 of 3rd period - Shot Misses the Net.
3:39 of 3rd period - Wrist shot by Corey Trivino.
3:39 of 3rd period - Stopped by Ilya Samsonov without a rebound.
3:40 of 3rd period - Corey Trivino wins face-off versus Jack Roslovic in Reign zone.
3:43 of 3rd period - Wrist shot by Mattias Tedenby.
3:43 of 3rd period - Stopped by Ilya Samsonov without a rebound.
3:44 of 3rd period - Corey Trivino wins face-off versus Jack Roslovic in Reign zone.
3:57 of 3rd period - Wrist shot by Mattias Tedenby.
3:57 of 3rd period - Shot Misses the Net.
3:59 of 3rd period - Slapshot by Dean Kukan.
3:59 of 3rd period - Deflect By Mattias Tedenby.
3:59 of 3rd period - Stopped by Ilya Samsonov without a rebound.
4:00 of 3rd period - Peter Holland wins face-off versus Brendan Gaunce in Reign zone.
4:01 of 3rd period - Wrist shot by Adrian Kempe.
4:01 of 3rd period - Deflect By Andreas Martinsen.
4:01 of 3rd period - Stopped by Ilya Samsonov without a rebound.
4:02 of 3rd period - Brendan Gaunce wins face-off versus Peter Holland in Reign zone.
4:10 of 3rd period - Minor Penalty to Viktor Loov for Tripping.
4:11 of 3rd period - Dominic Turgeon wins face-off versus Brendan Gaunce in Rocket zone.
4:19 of 3rd period - Wrist shot by Brendan Gaunce.
4:19 of 3rd period - Stopped by Sami Aittokallio with a rebound.
4:21 of 3rd period - Slapshot by Nikita Tryamkin.
4:21 of 3rd period - Shot Blocked by Dean Kukan.
4:23 of 3rd period - Slapshot by Jordan Schmaltz.
4:23 of 3rd period - Goal by Jordan Schmaltz - Rocket : 3 - Reign : 5.
4:24 of 3rd period - Corey Trivino wins face-off versus Jack Roslovic in neutral zone.
4:29 of 3rd period - Backhand shot by Corey Trivino.
4:29 of 3rd period - Stopped by Ilya Samsonov with a rebound.
4:31 of 3rd period - Snap shot by Corey Trivino.
4:31 of 3rd period - Stopped by Ilya Samsonov without a rebound.
4:32 of 3rd period - Corey Trivino wins face-off versus Jack Roslovic in Reign zone.
6:04 of 3rd period - Snap shot by Jack Roslovic.
6:04 of 3rd period - Goal by Jack Roslovic - Rocket : 3 - Reign : 6.
6:05 of 3rd period - Corey Trivino wins face-off versus Brendan Gaunce in neutral zone.
6:16 of 3rd period - Dean Kukan is hit by Andreas Martinsen and loses puck.
6:33 of 3rd period - Wrist shot by Vince Hinostroza.
6:33 of 3rd period - Stopped by Sami Aittokallio with a rebound.
6:35 of 3rd period - Slapshot by Vince Hinostroza.
6:35 of 3rd period - Shot Misses the Net.
6:57 of 3rd period - Slapshot by Josh Anderson.
6:57 of 3rd period - Shot Blocked by Jiri Sekac.
6:59 of 3rd period - Slapshot by Brendan Guhle.
6:59 of 3rd period - Stopped by Sami Aittokallio without a rebound.
7:00 of 3rd period - Trevor Moore wins face-off versus Corey Trivino in Rocket zone.
7:01 of 3rd period - Slapshot by Thomas Chabot.
7:01 of 3rd period - Shot Blocked by Andrey Pedan.
7:25 of 3rd period - Andrei Mironov is hit by Brendan Gaunce and loses puck.
7:42 of 3rd period - Minor Penalty to Andrey Pedan for Hooking.
7:43 of 3rd period - Brendan Gaunce wins face-off versus Dominic Turgeon in Rocket zone.
9:42 of 3rd period - Penalty to Andrey Pedan is over, Andrey Pedan is back on ice.
10:10 of 3rd period - Logan Stanley is hit by Jiri Sekac and loses puck.
10:15 of 3rd period - Slapshot by Adam Fox.
10:15 of 3rd period - Deflect By Andrey Pedan.
10:15 of 3rd period - Shot Hit the Post.
10:15 of 3rd period - Puck is out of play.
10:16 of 3rd period - Corey Trivino wins face-off versus Josh Anderson in Reign zone.
10:21 of 3rd period - Wrist shot by Mattias Tedenby.
10:21 of 3rd period - Stopped by Ilya Samsonov without a rebound.
10:22 of 3rd period - Corey Trivino wins face-off versus Trevor Moore in Reign zone.
10:25 of 3rd period - Slapshot by Adam Fox.
10:25 of 3rd period - Stopped by Ilya Samsonov with a rebound.
10:27 of 3rd period - Snap shot by Corey Trivino.
10:27 of 3rd period - Shot Blocked by Dylan Blujus.
10:33 of 3rd period - Snap shot by Corey Trivino.
10:33 of 3rd period - Stopped by Ilya Samsonov with a rebound.
10:35 of 3rd period - Slapshot by Adam Fox.
10:35 of 3rd period - Stopped by Ilya Samsonov with a rebound.
10:37 of 3rd period - Wrist shot by Jack Glover.
10:37 of 3rd period - Deflect By Corey Trivino.
10:37 of 3rd period - Goal by Corey Trivino - Rocket : 4 - Reign : 6.
10:38 of 3rd period - Jack Roslovic wins face-off versus Corey Trivino in neutral zone.
10:41 of 3rd period - Snap shot by Vince Hinostroza.
10:41 of 3rd period - Deflect By Jack Roslovic.
10:41 of 3rd period - Deflect By Corey Trivino.
10:41 of 3rd period - Shot Blocked by Dean Kukan.
10:41 of 3rd period - Puck is out of play.
10:42 of 3rd period - Corey Trivino wins face-off versus Jack Roslovic in Rocket zone.
10:57 of 3rd period - Wrist shot by Jack Roslovic.
10:57 of 3rd period - Shot Misses the Net.
11:11 of 3rd period - Snap shot by Matthew Tkachuk.
11:11 of 3rd period - Shot Misses the Net.
11:19 of 3rd period - Backhand shot by Corey Trivino.
11:19 of 3rd period - Goal by Corey Trivino - Rocket : 5 - Reign : 6.
11:20 of 3rd period - Peter Holland wins face-off versus Brendan Gaunce in neutral zone.
11:23 of 3rd period - Slapshot by Adrian Kempe.
11:23 of 3rd period - Shot Blocked by Andreas Martinsen.
11:41 of 3rd period - Minor Penalty to Adrian Kempe for Roughing.
11:42 of 3rd period - Dominic Turgeon wins face-off versus Brendan Gaunce in Rocket zone.
11:42 of 3rd period - Dominic Turgeon is hit by Andreas Martinsen.
11:56 of 3rd period - Viktor Loov is hit by Tyler Pitlick and loses puck.
12:41 of 3rd period - Thomas Chabot is hit by Dean Kukan and loses puck.
13:36 of 3rd period - Snap shot by Mason Appleton.
13:36 of 3rd period - Shot Blocked by Nikita Tryamkin.
13:41 of 3rd period - Penalty to Adrian Kempe is over, Adrian Kempe is back on ice.
13:56 of 3rd period - Snap shot by Adam Fox.
13:56 of 3rd period - Shot Blocked by Trevor Moore.
14:08 of 3rd period - Snap shot by Matthew Tkachuk.
14:08 of 3rd period - Shot Misses the Net.
14:10 of 3rd period - Slapshot by Jack Dougherty.
14:10 of 3rd period - Deflect By Matthew Tkachuk.
14:10 of 3rd period - Shot Misses the Net.
14:10 of 3rd period - Puck is out of play.
14:11 of 3rd period - Joel Eriksson Ek wins face-off versus Corey Trivino in Rocket zone.
14:16 of 3rd period - Slapshot by A.J. Jenks.
14:16 of 3rd period - Stopped by Sami Aittokallio with a rebound.
14:27 of 3rd period - Snap shot by Brandon Pirri.
14:27 of 3rd period - Shot Hit the Post.
14:38 of 3rd period - Off-side.
14:39 of 3rd period - Adrian Kempe wins face-off versus Brendan Gaunce in neutral zone.
14:50 of 3rd period - Snap shot by Adrian Kempe.
14:50 of 3rd period - Stopped by Ilya Samsonov without a rebound.
14:51 of 3rd period - Timo Meier wins face-off versus Corey Trivino in Reign zone.
15:05 of 3rd period - Snap shot by Mattias Tedenby.
15:05 of 3rd period - Shot Blocked by Thomas Chabot.
15:48 of 3rd period - Off-side.
15:49 of 3rd period - Dominic Turgeon wins face-off versus Trevor Moore in neutral zone.
15:54 of 3rd period - Slapshot by Andrei Mironov.
15:54 of 3rd period - Stopped by Ilya Samsonov with a rebound.
16:14 of 3rd period - Joel Eriksson Ek is hit by Andrei Mironov and loses puck.
16:37 of 3rd period - Wrist shot by Jack Roslovic.
16:37 of 3rd period - Shot Hit the Post.
18:24 of 3rd period - Backhand shot by Vince Hinostroza.
18:24 of 3rd period - Shot Blocked by Andrei Mironov.
18:26 of 3rd period - Wrist shot by Vince Hinostroza.
18:26 of 3rd period - Stopped by Sami Aittokallio without a rebound.
18:27 of 3rd period - Trevor Moore wins face-off versus Dominic Turgeon in Rocket zone.
18:38 of 3rd period - Slapshot by Christian Dvorak.
18:38 of 3rd period - Stopped by Sami Aittokallio without a rebound.
18:39 of 3rd period - Dominic Turgeon wins face-off versus Trevor Moore in Rocket zone.
18:42 of 3rd period - Wrist shot by Trevor Moore.
18:42 of 3rd period - Shot Misses the Net.
18:52 of 3rd period - Josh Anderson is hit by Kole Sherwood and loses puck.
18:55 of 3rd period - Rocket, Sami Aittokallio is pulled from the net.
19:10 of 3rd period - Brandon Pirri is hit by Thomas Chabot.
19:50 of 3rd period - Viktor Loov is hit by Tyler Pitlick and loses puck.
19:59 of 3rd period - Snap shot by Mattias Tedenby.
19:59 of 3rd period - Stopped by Ilya Samsonov with a rebound.
Goals for this period are 2 for Rocket vs 2 for Reign.
Shots for this period are 16 for Rocket vs 9 for Reign.